 Dungeon Crawl Stone Soup version 0.13-a0-2305-ge00d11d (webtiles) character file.

125 Kae the Cudgeler (level 3, -1/33 HPs)
             Began as a Minotaur Berserker on July 9, 2013.
             Was a Believer of Trog.
             Slain by an agate snail (5 damage)
             ... on Level 2 of the Dungeon.
             The game lasted 00:00:50 (1241 turns).

Kae the Cudgeler (Minotaur Berserker)               Turns: 1241, Time: 00:00:50

HP  -1/33        AC  2     Str 22      XL: 3   Next: 26%
MP   1/1         EV 12     Int  4      God: Trog [**....]
Gold 86          SH  0     Dex  9      Spells:  0 memorised,  2 levels left

Res.Fire  : . . .   See Invis. : .   a - +0 mace
Res.Cold  : . . .   Warding    : .   b - +0 animal skin
Life Prot.: . . .   Conserve   : .   (no shield)
Res.Poison: .       Res.Corr.  : .   (helmet restricted)
Res.Elec. : .       Clarity    : .   (no cloak)
Sust.Abil.: . .     Spirit.Shd : .   (no gloves)
Res.Mut.  : .       Stasis     : .   (no boots)
Res.Rott. : .       Flight     : .   (no amulet)
Saprovore : . . .                    (no ring)
                                     (no ring)

@: not resistant to hostile enchantments, very unstealthy
A: retaliatory headbutt, horns 2
a: Burn Spellbooks, Berserk, Trog's Hand, Renounce Religion


You were on level 2 of the Dungeon.
You worshipped Trog.
Trog was most pleased with you.
You were not hungry.

You visited 1 branch of the dungeon, and saw 2 of its levels.

You collected 66 gold pieces.

Inventory:

Hand weapons
 a - a +0,+0 mace (weapon)
Armour
 b - a +0 animal skin (worn)
Comestibles
 c - 2 bread rations
 m - a banana
 p - a chunk of human flesh
Scrolls
 d - a scroll of recharging {unknown}
 f - 3 scrolls of teleportation {unknown}
 g - a scroll of identify {unknown}
 h - 2 scrolls of enchant armour {unknown}
 i - a scroll of amnesia {unknown}
 n - a scroll of random uselessness {unknown}
 q - a scroll of blinking {unknown}
Jewellery
 e - an uncursed ring of sustenance {unknown}
 k - an uncursed amulet of resist mutation {unknown}
Potions
 j - 2 potions of heal wounds {unknown}
 l - a potion of paralysis {unknown}
 o - a potion of curing {unknown}


   Skills:
 - Level 3.6 Fighting
 + Level 5.3 Maces & Flails
 - Level 2.4 Armour
 - Level 2.1 Dodging


You had 2 spell levels left.
You didn't know any spells.

Dungeon Overview and Level Annotations

Branches:
Dungeon (2/27)

Altars:
Cheibriados
Vehumet


Innate Abilities, Weirdness & Mutations

You reflexively headbutt those who attack you in melee.
You have a pair of horns on your head.


Message History

You offer a prayer to Trog.
Trog is most pleased with you.
An agate snail is nearby!
You offer a prayer to Trog.
Trog is most pleased with you.
An agate snail is nearby!
You offer a prayer to Trog.
Trog is most pleased with you.
An agate snail is nearby!
The agate snail bites you!
* * * LOW HITPOINT WARNING * * *
Found a snail-covered altar of Cheibriados.
Found an escape hatch in the ceiling.
Unknown command.
You hit the agate snail.
The agate snail is lightly wounded.
You hit the agate snail but do no damage.
The agate snail is lightly wounded.
The agate snail bites you.
You die...

#.# #........ #.#
#........ #.# #.........
#.# ###......... #.#
#...........
########.#####)..........
#........##..............
#........#..####.##......
#.(......#.##@j##.#.....
#........#.#.##+#.# ..##
#........#.#.#..#.# ..#
####........#.#.#<_#.#
............#.#.####.#
..............##....##
............#..######
......................
......##.##.###..###.


You could see an agate snail.

Vanquished Creatures
  Terence (D:2)
  A giant gecko (D:1)
  2 bats
  A giant cockroach (D:2)
  5 hobgoblins
  5 kobolds
  5 goblins
  3 rats
23 creatures vanquished.

Notes
Turn   | Place    | Note
--------------------------------------------------------------
     0 | D:1      | Kae, the Minotaur Berserker, began the quest for the Orb.
     0 | D:1      | Reached XP level 1. HP: 19/19 MP: 0/0
   130 | D:1      | Reached skill level 4 in Maces & Flails
   289 | D:1      | Reached XP level 2. HP: 24/26 MP: 0/0
   763 | D:2      | Acquired Trog's second power
   797 | D:2      | Reached skill level 5 in Maces & Flails
   805 | D:2      | Found a radiant altar of Vehumet.
  1126 | D:2      | Noticed Terence
  1136 | D:2      | Killed Terence
  1136 | D:2      | Reached XP level 3. HP: 7/33 MP: 1/1
  1238 | D:2      | Noticed an agate snail
  1239 | D:2      | Found a snail-covered altar of Cheibriados.
  1241 | D:2      | Slain by an agate snail

Action                   || total
-------------------------++-------
Melee: Mace              ||    61
Invok: Trog's Hand       ||     1
